 Dungeon Crawl Stone Soup version 0.30-a0-1161-g0704695555 (webtiles) character file.

Game seed: 17304384092650776295

40 kae the Insei (level 3, -1/27 HPs)
             Began as a Demigod Transmuter on Apr 27, 2023.
             Slain by an adder (2 damage)
             ... on level 2 of the Dungeon.
             The game lasted 00:01:40 (1419 turns).

kae the Insei (Demigod Transmuter)                  Turns: 1419, Time: 00:01:41

Health: -1/27      AC:  3    Str: 17    XL:     3   Next: 14%
Magic:  9/9        EV: 12    Int: 19    God:
Gold:   129        SH:  0    Dex: 14    Spells: 1/7 levels left

rFire   . .          .
                       - Unarmed
rCold   . . .        (no shield)
rNeg    . . .        a - +0 robe
rPois   .            (helmet currently unavailable)
rElec   .            (no cloak)
rCorr   .            i - +0 pair of gloves
SInv    .            (boots currently unavailable)
Will    .....        (no amulet)
Stlth   +            S - +6 ring of strength
HPRegen 0.24/turn    (no ring)
MPRegen 0.11/turn

%: no passive effects
@: appendages (expiring)
A: horns 2, talons 2, high MP 1, forlorn, divine attributes, evolution 1
a: End Transformation


You were on level 2 of the Dungeon.
You had temporarily grown beastly horns and talons.
You visited 1 branch of the dungeon, and saw 2 of its levels.

You collected 159 gold pieces.
You spent 30 gold pieces at shops.


Innate Abilities, Weirdness & Mutations

You have temporarily grown beastly horns and talons.
You have an increased reservoir of magic. (+10% MP)
You shall have no god before yourself.
Your divine heritage dramatically boosts your attributes as you level up.
You have hidden genetic potential.


   Skills:
 - Level 0.8 Fighting
 - Level 1.7 Dodging
 - Level 2.6 Unarmed Combat
 + Level 2.5 Spellcasting
 + Level 2.6 Transmutations
 * Level 0.2 Poison Magic


You had one spell level left.
You knew the following spells:

 Your Spells              Type           Power      Damage    Failure   Level
a - Beastly Appendage     Tmut           24%        N/A       5%          1
b - Wereblood             Tmut           12%        N/A       9%          2
c - Spider Form           Tmut/Pois      7%         N/A       26%         3

Your spell library contained the following spells:

 Spells                   Type           Power      Damage    Failure   Level
 Ice Form                 Ice/Tmut       7%         N/A       67%         4

Inventory:

Missiles
 g - 26 stones
Armour
 a - a +0 robe (worn)
 i - a +0 pair of gloves (worn)
   (You found it on level 1 of the Dungeon)
Jewellery
 S - a +6 ring of strength (left hand)
   (You found it on level 1 of the Dungeon)
Scrolls
 c - a scroll of fear
 d - a scroll of fog
 l - a scroll of teleportation {@r4}
Potions
 b - 2 potions of lignification {!q}
 h - a potion of invisibility
 k - a potion of curing {unknown}

Dungeon Overview and Level Annotations

Branches:
Dungeon (2/15) Zot: 10586

Shops:
D:2

* #..####.## ###.## #..#
##.†.# ##.# #..### #.#
#.## #.## ##.# #.[#
#########..##########.##
#.....S.............#...
$...#@............#...
#.....g.############....
#.....### #.... #.....
#.... #.... ##... #....
##.. #### ###


You could see an adder and a hobgoblin.


Message History

Confirm with . or Enter, or press ? or * to list all spells.
You grow a pair of large bovine horns.
Your feet morph into talons. 😎 MP[-1]
You lost 1 mp, and now have 8/9 mp.
You completely miss the hobgoblin. The hobgoblin barely misses you.
You hit the hobgoblin but do no damage. You claw the hobgoblin.
Your headbutt misses the hobgoblin. The hobgoblin misses you.
You barely miss the hobgoblin.
The hobgoblin hits you but does no damage.
You hit the hobgoblin.
You kill the hobgoblin!
Your transformation is almost over.
Press: ? - help, . - travel You can't see that place. [a shop.]
There is an entrance to Qasugho's General Store here. 😎 MP[+1]
Your mp is fully restored (9).
l - a scroll of teleportation {@r4} Thank you for shopping at Qasugho's General Store!
As you read the scroll labelled ETSYINUIR, it crumbles to dust.
It is a scroll of amnesia.
Really abort (and waste the scroll)?
Okay, then.
As you read the scroll labelled VOLOGU KOEGY, it crumbles to dust.
It is a scroll of identify.
h - a potion of invisibility Your horns disappear.
Your talons disappear.
You now have 111 gold pieces (gained 15).
You now have 129 gold pieces (gained 18).
You see here a hobgoblin corpse.
You see here a dart slug corpse.
An adder comes into view.
An adder is nearby!
An adder is nearby!
An adder is nearby!
The adder hisses angrily.
You hear a shout!
A hobgoblin comes into view.
The hobgoblin shouts!
The adder bites you. 😕 HP[-4]
You take 4 damage, and now have 23/27 hp.
Casting: Beastly Appendage (safe; 5% risk of failure)
Confirm with . or Enter, or press ? or * to list all spells.
You grow a pair of large bovine horns.
Your feet morph into talons.
The adder bites you but does no damage. The adder bites you. 😕 HP[-1] MP[-1]
You take 1 damage, and now have 22/27 hp.
You lost 1 mp, and now have 8/9 mp.
You closely miss the adder. Your kick misses the adder.
Your punch misses the adder. The adder bites you.
You are poisoned.
The adder poisons you! The hobgoblin hits you.
The adder bites you but does no damage.
You barely miss the adder. Your kick misses the adder.
You feel sick.
The hobgoblin hits you but does no damage.
The adder barely misses you. 😮 HP[-5]
You take 5 damage, and now have 17/27 hp.
You miss the adder. Your kick misses the adder.
You feel sick. The adder misses you. The hobgoblin hits you. 😮 HP[-1]
You take 1 damage, and now have 16/27 hp.
Unknown command.
You closely miss the adder. The adder bites you.
The hobgoblin hits you. 😮 HP[-2]
You take 2 damage, and now have 14/27 hp.
You closely miss the adder. Your kick misses the adder.
You feel sick. The adder bites you but does no damage. The hobgoblin hits you.
* * * LOW HITPOINT WARNING * * *
😨 HP[-4]
You take 4 damage, and now have 10/27 hp.
Unknown command.
You hit the adder. Your kick misses the adder.
You feel sick.
The adder misses you. x2; The hobgoblin hits you.
* * * LOW HITPOINT WARNING * * *
😱 HP[-5]
You take 5 damage, and now have 5/27 hp.
You hit the adder. Your headbutt misses the adder.
You feel sick.
You are no longer poisoned.
The adder bites you.
* * * LOW HITPOINT WARNING * * *
😱 HP[-1] MP[+1]
You take 1 damage, and now have 4/27 hp.
Your mp is fully restored (9).
You hit the adder but do no damage. The hobgoblin barely misses you.
The adder bites you but does no damage.
You closely miss the adder. The adder barely misses you.
The hobgoblin barely misses you.
It was a potion of mutation.
You feel extremely strange.
You feel a hidden malignance growing inside you.
You no longer feel a malignance within.
You feel a hidden potential growing inside you.
Your transformation is almost over.
The adder bites you.
* * * LOW HITPOINT WARNING * * *
The hobgoblin hits you but does no damage.
The adder bites you.
You die...

Skill      XL: |  1 |
---------------+----+-----
Transmutations | 2 |  2.6
Spellcasting   | 2 |  2.5
Fighting       | |  0.8
Dodging        | |  1.7
Unarmed Combat | |  2.6
Poison Magic   | |  0.2

Action                     || total
---------------------------++-------
  Melee: Unarmed           ||   110
         Kick              ||    15
         Headbutt          ||     4
         Punch             ||     1
   Cast: Beastly Appendage ||    23
    Use: Scroll            ||     6
         Potion            ||     1
 Armour: Robe              ||    35
  Dodge: Dodged            ||    91

Levels and vault maps discovered:
D:1:      nzn_arrival_crosshair, layout_basic, minmay_pentomino_s2
D:2:      layout_rooms, serial_shops, nicolae_shop_just_a_little_nook,
          kennysheep_generic_room_13

Notes
Turn   | Place    | Note
-------+----------+-------------------------------------------
     0 | D:1      | kae the Demigod Transmuter began the quest for the Orb.
     0 | D:1      | Reached XP level 1. HP: 15/15 MP: 5/5
     0 | D:1      | magus.rc [v1.11.3]
    30 | D:1      | Reached skill level 2 in Transmutations
    42 | D:1      | Reached skill level 2 in Spellcasting
   330 | D:1      | Reached XP level 2. HP: 22/22 MP: 5/7
   954 | D:1      | Learned a level 2 spell: Wereblood
  1133 | D:2      | Reached XP level 3. HP: 27/27 MP: 7/9
  1137 | D:2      | Learned a level 3 spell: Spider Form
  1302 | D:2      | Found Qasugho's General Store.
  1342 | D:2      | Bought a scroll of teleportation for 30 gold pieces
  1415 | D:2      | HP: 5/27 [hobgoblin (4)]
  1419 | D:2      | Gained mutation: You have hidden genetic defects. [potion
                  | of mutation]
  1419 | D:2      | Lost mutation: You have hidden genetic defects. [potion of
                  | mutation]
  1419 | D:2      | Gained mutation: You have hidden genetic potential. [potion
                  | of mutation]
  1419 | D:2      | HP: 1/27 [adder (3)]
  1419 | D:2      | Slain by an adder

Vanquished Creatures
  A dart slug (D:2)
  7 ball pythons
  4 endoplasms
  6 giant cockroaches
  3 goblins
  2 hobgoblins (D:2)
  6 bats
  2 frilled lizards (D:1)
  A kobold (D:2)
  A rat (D:1)
33 creatures vanquished.

Table legend:
 A = Non-vault XP
 B = Vault XP
 C = Vault XP percentage of total XP
 D = Non-vault monster count
 E = Vault monster count
 F = Vault count percentage of total count
                 A         B        C        D         E       F
            +---------+---------+-------+---------+---------+-------
      Total |      56 |       2 |   3.4 |      32 |       1 |   3.0
            +---------+---------+-------+---------+---------+-------
        D:1 |      35 |       2 |   5.4 |      21 |       1 |   4.5
        D:2 |      21 |       0 |   0.0 |      11 |       0 |   0.0
            +---------+---------+-------+---------+---------+-------

Skill      XL: |  1 |
---------------+----+-----
Transmutations | 2 |  2.6
Spellcasting   | 2 |  2.5
Fighting       | |  0.8
Dodging        | |  1.7
Unarmed Combat | |  2.6
Poison Magic   | |  0.2

Action                     || total
---------------------------++-------
  Melee: Unarmed           ||   110
         Kick              ||    15
         Headbutt          ||     4
         Punch             ||     1
   Cast: Beastly Appendage ||    23
    Use: Scroll            ||     6
         Potion            ||     1
 Armour: Robe              ||    35
  Dodge: Dodged            ||    91

Illustrated notes

Table legend:
 A = Kills in this place as a percentage of kills in the entire game.
 B = Kills by you in this place as a percentage of kills by you in the entire game.
 C = Kills by friends in this place as a percentage of kills by friends in the entire game.
 D = Other kills in this place as a percentage of other kills in the entire game.
 E = Experience gained in this place as a percentage of experience gained in the entire game.
 F = Experience gained in this place divided by the number of levels of this place that you have seen.
                   A       B       C       D       E      F
               +-------+-------+-------+-------+-------+----------------------
         Total | 100.0 | 100.0 |   N/A |   N/A | 100.0 |  29.0
       Dungeon | 100.0 | 100.0 |   N/A |   N/A | 100.0 |  29.0
               +-------+-------+-------+-------+-------+----------------------

Table legend: (Time is in decaauts)
 A = Elapsed time spent in this place.
 B = Non-inter-level travel time spent in this place.
 C = Inter-level travel time spent in this place.
 D = Time resting spent in this place.
 E = Time spent auto-exploring this place.
 F = Levels seen in this place.
 G = Mean time per level.
                   A        B        C        D        E       F      G
               +--------+--------+--------+--------+--------+-----+--------+
         Total |   1412 |   1359 |     53 |     44 |   1023 |   2 |  706.0 |
       Dungeon |   1412 |   1359 |     53 |     44 |   1023 |   2 |  706.0 |
               +--------+--------+--------+--------+--------+-----+--------+

Top non-repeatable levels by time:
     D:1: 978 daAuts
     D:2: 433 daAuts
